 Dungeon Crawl Stone Soup version 0.24.0-1-gfbc8707 (webtiles) character file.

Game seed: 10775349699481382667, levelgen mode: deterministic

110873 WimpyRanger the Severer (level 16, 0/155 HPs)
             Began as a Minotaur Chaos Knight on Oct 28, 2019.
             Was a Plaything of Xom.
             Succumbed to a green very ugly thing's poison
             ... on level 2 of the Depths.
             The game lasted 01:04:59 (26265 turns).

WimpyRanger the Severer (Minotaur Chaos Knight)    Turns: 26265, Time: 01:05:00

Health: 0/155      AC: 12    Str: 29    XL:     16   Next: 8%
Magic:  17/18      EV: 35    Int:  9    God:    Xom [.....*]
Gold:   1237       SH:  0    Dex: 15    Spells: 15/15 levels left

rFire    + . .     SeeInvis .   K - +9 battleaxe (elec)
rCold    . . .     Gourm    .   (shield currently unavailable)
rNeg     . . .     Faith    .   x - +2 leather armour {rF+}
rPois    +         Spirit   .   (helmet restricted)
rElec    .         Reflect  .   u - +0 cloak "Plog" {MR+} (curse)
rCorr    .         Harm     .   E - +0 pair of gloves of Liberty {Regen+}
MR       ++...                  (no boots)
Stlth    +.........             e - amulet of the acrobat
HPRegen  0.75/turn              t - +5 ring of strength
MPRegen  0.16/turn              l - ring of poison resistance

@: mighty, lethally poisoned (0 -> -20), acrobat, hasted, very quick
A: retaliatory headbutt, horns 2, repulsion field 1, thin metallic scales 1,
high mp 1, poison resistance
a: Renounce Religion


You were on level 2 of the Depths.
You worshipped Xom.
You were Xom's teddy bear.
You were not hungry.

You visited 5 branches of the dungeon, and saw 22 of its levels.
You also visited: Bailey.

You collected 2402 gold pieces.
You spent 1165 gold pieces at shops.

Inventory:

Hand Weapons
 K - a +9 battleaxe of electrocution (weapon)
 L - a +3 war axe of flaming
Armour
 b - a +2 chain mail of magic resistance
 d - a cursed -1 cloak
 k - a +2 hat
 o - a +1 cloak
 u - the cursed +0 cloak "Plog" (worn) {MR+}
   (You found it on level 10 of the Dungeon)

   It affects your resistance to hostile enchantments.
   It has a curse placed upon it.
 x - a +2 leather armour of fire resistance (worn)
 E - the +0 pair of gloves of Liberty (worn) {Regen+}
   (You bought it in a shop on level 2 of the Orcish Mines)

   It increases your rate of regeneration.
Jewellery
 e - an amulet of the acrobat (around neck)
 l - a ring of poison resistance (right hand)
 t - a +5 ring of strength (left hand)
 G - an uncursed ring of resist corrosion
 I - an uncursed ring of protection from cold
Wands
 r - a wand of flame (21)
 v - a wand of paralysis (13)
 y - a wand of clouds (4)
 C - a wand of random effects (39)
 D - a wand of polymorph (14)
 M - a wand of disintegration (18)
Scrolls
 a - a scroll of identify
 i - 5 scrolls of amnesia
 m - 6 scrolls of immolation
 n - 8 scrolls of remove curse
 p - 4 scrolls of teleportation
 q - a scroll of summoning
 z - 3 scrolls of fear
 A - 2 scrolls of torment
 B - a scroll of enchant weapon
 F - a scroll of silence
 J - a scroll of fog
 O - 2 scrolls of random uselessness
Potions
 h - a potion of might
 s - 2 potions of brilliance
Miscellaneous
 f - a phial of floods
 w - a lightning rod (4/4)
Comestibles
 c - 21 rations


   Skills:
 - Level 17.4 Fighting
 - Level 20.1 Axes
 * Level 17.5 Armour
 + Level 8.7 Dodging
 - Level 0.9 Stealth
 - Level 2.0 Evocations


You had 15 spell levels left.
You didn't know any spells.
Your spell library contained the following spells:

 Spells                   Type           Power        Failure   Level  Hunger
 Sandblast                Erth           #.....       41%         1    ##.....
 Corpse Rot               Necr           N/A          54%         2    ###....
 Passwall                 Tmut/Erth      #.......     54%         2    ###....
 Poisonous Vapours        Pois/Air       #.....       54%         2    ###....
 Conjure Flame            Conj/Fire      #.......     78%         3    ####...
 Mephitic Cloud           Conj/Pois/Air  #.......     78%         3    ####...
 Stone Arrow              Conj/Erth      #.....       78%         3    ####...
 Leda's Liquefaction      Hex/Erth       #.........   99%         4    #####..
 Petrify                  Tmut/Erth      #.......     99%         4    #####..
 Lee's Rapid Deconstruct  Erth           #.........   100%        5    ######.
 Summon Forest            Summ/Tloc      #.........   100%        5    ######.
 Freezing Cloud           Conj/Ice/Air   #.........   100%        6    #######
 Hydra Form               Tmut           #.........   100%        6    #######
 Ring of Flames           Chrm/Fire      #.........   100%        7    #######
 Summon Hydra             Summ           #.........   100%        7    #######


Dungeon Overview and Level Annotations

Branches:
Dungeon (15/15)            Temple (0/1) D:5            Lair (2/6) D:11
    Orc (2/2) D:12            Elf (1/3) Orc:2        Vaults (0/5) D:14
 Depths (2/5) D:15         Bailey (visited)
  Swamp: Lair:2-4    Shoals: Lair:2-4     Snake: Lair:2-4    Spider: Lair:2-4

Altars:
Cheibriados
Dithmenos
Fedhas
Nemelex Xobeh
Ru
Xom
Yredelemnul
Beogh

Shops:
D:4 :   D:7 }   D:8 (   D:14 [   Orc:1 ?   Orc:2 %(*[   Depths:1 *

Portals:
Hell: Depths:1
Abyss: Depths:1
Pandemonium: Depths:1

Annotations:
D:10 3 runed translucent doors, AlmostDecent's ghost, adept GnFi; Arctirus's ghost, journeyman OpWz; Miuzocaf's ghost, novice OpIE; Seghaw's ghost, journeyman GrFi; WimpyRanger's ghost, novice MfAr
D:12 2 transporters, BRAPZZ's ghost, journeyman TrFi
Lair:1 exclusions: oklob plant, plant and 1 more exclusion


Innate Abilities, Weirdness & Mutations

You reflexively headbutt those who attack you in melee.
You have a pair of horns on your head.
You are surrounded by a mild repulsion field. (EV +2)
You are partially covered in thin metallic scales. (AC +2)
You have an increased reservoir of magic. (+10% MP)
Your system is resistant to poisons. (rPois)


Message History

* * * LOW HITPOINT WARNING * * *
You feel sick.
You hear a grinding noise.
You open the door.
An ogre mage comes into view.
* * * LOW HITPOINT WARNING * * *
You feel sick.
* * * LOW HITPOINT WARNING * * *
You feel very sick.
You hear a grinding noise.
Things that are here:
a +0 spear; a cursed +0 robe; an ogre corpse
* * * LOW HITPOINT WARNING * * *
You feel sick.
You hear a grinding noise.
Found a colourful book.
* * * LOW HITPOINT WARNING * * *
You feel sick.
You die...
Xom titters!

* .## , # #
,, , .# #
,* , #.#.#
* ...O.. *
#####......
* #...'.#
*, #.#)#.#
, #.#.# # *
#@..# ** *
##### * #*
.# ##.#
...## ....#
#####


There were no monsters in sight!

Vanquished Creatures
  A tentacled monstrosity (Depths:2)
  A fire giant (Depths:1)
  2 orc warlords (Orc:2)
  3 very ugly things (Depths:2)
  4 stone giants
  2 vampire knights
  A deep elf demonologist (Elf:1)
  A dire elephant (Lair:2)
  2 ettins
  Snorg (D:12)
  2 jiangshi (Depths:2)
  A merfolk impaler (Depths:1)
  2 great orbs of eyes (Depths:2)
  Harold (D:7)
  An ice dragon (Depths:1)
  2 rakshasas
  5 hydras
  15 two-headed ogres
  3 ogre magi
  2 centaur warriors
  3 dancing weapons (Elf:1)
  A death yak (Lair:2)
  A tengu warrior (D:15)
  A shock serpent (Depths:1)
  5 deep elf knights (Elf:1)
  4 orc high priests (Orc:2)
  An unseen horror (shapeshifter) (Depths:1)
  A glowing orange brain (D:15)
  3 deep elf archers (Elf:1)
  A deep troll (Depths:2)
  2 unseen horrors
  A lindwurm (Lair:2)
  4 orc knights
  A mana viper (shapeshifter) (D:15)
  21 deep elf magi (Elf:1)
  7 orc sorcerers
  A mana viper (Depths:1)
  11 ugly things
  2 manticores
  2 black mambas (Lair:2)
  Joseph (D:7)
  A centaur skeleton (D:14)
  6 spiny frogs
  2 kobold demonologists (D:15)
  A freezing wraith (D:14)
  7 yaktaurs
  A tengu conjurer (D:15)
  A merfolk (D:9)
  4 trolls
  Grinder (D:5)
  A polar bear (shapeshifter) (Depths:2)
  4 blink frogs (Lair:2)
  A hornet (D:10)
  21 slime creatures
  A wind drake (shapeshifter) (D:15)
  7 hippogriffs
  A slime creature (shapeshifter) (Elf:1)
  8 yaks
  A shadow (D:15)
  A tarantella (shapeshifter) (Depths:2)
  2 wyverns (Lair:2)
  3 water elementals
  A vampire (D:15)
  Eustachio (D:5)
  2 fire elementals (Elf:1)
  3 hungry ghosts
  A basilisk (D:15)
  A hog (shapeshifter) (D:14)
  2 wargs (Orc:2)
  A soldier ant (D:12)
  A naga (Depths:1)
  9 water moccasins
  41 orc warriors
  A porcupine (Lair:2)
  Duvessa (D:5)
  6 phantoms
  3 sky beasts
  2 black bears
  An eye of draining (D:12)
  2 ice beasts
  A necrophage (D:9)
  17 ogres
  9 wolves
  4 centaurs
  8 crocodiles
  4 big kobolds
  8 gnoll sergeants (Bailey)
  10 bullfrogs
  A wyvern zombie (D:7)
  2 earth elementals (Elf:1)
  2 scorpions (D:8)
  A wyvern skeleton (D:12)
  Dowan (D:5)
  A water moccasin skeleton (D:8)
  3 killer bees (D:11)
  12 wights
  3 centaur zombies
  An electric eel (Lair:2)
  3 howler monkeys
  A lava snake (D:15)
  5 crimson imps
  A bullfrog zombie (D:6)
  A quasit (D:7)
  8 hounds
  28 orc wizards
  36 orc priests
  6 bullfrog skeletons
  6 gnoll shamans (Bailey)
  2 jellies
  3 iguanas
  17 worker ants
  8 ogre zombies (D:12)
  A hound skeleton (D:11)
  A worker ant zombie (D:8)
  17 gnolls
  14 adders
  2 howler monkey skeletons
  2 shadow imps
  2 oozes
  An adder zombie (D:9)
  A worm (D:3)
  3 dart slugs
  6 leopard geckos
  101 orcs
  8 bats
  8 giant cockroaches
  11 hobgoblins
  8 jackals
  2 quokkas
  3 frilled lizards
  13 goblins
  3 goblin skeletons (D:12)
  2 goblin zombies (D:12)
  A hobgoblin skeleton (D:12)
  7 hobgoblin zombies (D:12)
  21 kobolds
  An orc skeleton (D:12)
  10 orc zombies (D:12)
  A quokka skeleton (D:4)
  4 rats
  3 plants (Lair:2)
750 creatures vanquished.

Vanquished Creatures (collateral kills)
  A deep elf sorcerer (Elf:1)
  A death knight (D:10)
  A deep elf knight (Elf:1)
  A deep elf mage (Elf:1)
  3 orc priests
  An orc (Orc:2)
  A kobold (D:5)
9 creatures vanquished.

Vanquished Creatures (others)
  A fire giant (Depths:1)
  A basilisk (D:11)
  An orc priest (Orc:2)
  3 fungi (Lair:2)
  2 plants (Lair:1)
  11 toadstools (Lair:2)
19 creatures vanquished.

Grand Total: 778 creatures vanquished

Notes
Turn   | Place    | Note
-------+----------+-------------------------------------------
     0 | D:1      | WimpyRanger the Minotaur Chaos Knight began the quest for
                  | the Orb.
     0 | D:1      | Reached XP level 1. HP: 19/19 MP: 0/0
     8 | D:1      | XOM: silly message
    37 | D:1      | Reached skill level 4 in Axes
    97 | D:1      | XOM: potion effect (brilliance)
   102 | D:1      | Reached XP level 2. HP: 25/27 MP: 1/1
   113 | D:1      | XOM: silly message
   275 | D:1      | XOM: harmless Fire miscast
   423 | D:1      | XOM: silly message
   489 | D:1      | Reached XP level 3. HP: 31/33 MP: 2/2
   515 | D:1      | XOM: harmless Air miscast
   844 | D:2      | Found a blossoming altar of Fedhas.
   895 | D:2      | Reached skill level 5 in Axes
   895 | D:2      | Reached XP level 4. HP: 40/40 MP: 3/3
  1390 | D:2      | XOM: harmless Ice miscast
  1445 | D:1      | XOM: mild Air miscast
  1696 | D:3      | Reached XP level 5. HP: 33/47 MP: 4/4
  1960 | D:3      | Reached skill level 6 in Axes
  2117 | D:3      | XOM: smoke on damage
  2119 | D:3      | XOM: summons 2 friendly demons
  2120 | D:3      | XOM: cast spell 'Summon Ice Beast'
  2124 | D:3      | XOM: butterfly on damage
  2465 | D:3      | XOM: summons 3 friendly demons
  2472 | D:3      | Reached XP level 6. HP: 50/53 MP: 5/5
  2524 | D:3      | XOM: give mutations
  2524 | D:3      | Gained mutation: You passively map a small area around you.
                  | [Xom's grace]
  2524 | D:3      | Gained mutation: You evolve. [Xom's grace]
  2524 | D:3      | Lost mutation: You evolve. [Xom's grace]
  2524 | D:3      | Gained mutation: You are somewhat resistant to further
                  | mutation. [Xom's grace]
  2618 | D:4      | XOM: confusion (+ monsters)
  2638 | D:4      | XOM: harmless Hex miscast
  2718 | D:4      | XOM: divination: detect creatures
  2835 | D:4      | Reached skill level 7 in Axes
  3023 | D:4      | XOM: mild Summ miscast
  3263 | D:4      | Reached XP level 7. HP: 59/60 MP: 6/6
  3297 | D:4      | Found a shadowy altar of Dithmenos.
  3431 | D:4      | Found Jaheus's Book Boutique.
  3505 | D:5      | Entered Level 5 of the Dungeon
  3526 | D:5      | Noticed Grinder
  3535 | D:5      | Paralysed by Grinder for 4 turns
  3552 | D:5      | XOM: divination: detect items
  3554 | D:5      | Killed Grinder
  3554 | D:5      | Reached skill level 5 in Fighting
  3554 | D:5      | Reached skill level 5 in Armour
  3706 | D:5      | Found a staircase to the Ecumenical Temple.
  3732 | D:5      | XOM: noise
  3741 | D:5      | Reached skill level 8 in Axes
  3933 | D:5      | XOM: silly message
  3960 | D:5      | Noticed Eustachio
  3975 | D:5      | Killed Eustachio
  4148 | D:5      | XOM: summons friendly crimson imp
  4154 | D:5      | Reached XP level 8. HP: 59/69 MP: 7/7
  4183 | D:5      | Reached skill level 9 in Axes
  4348 | D:5      | Noticed Duvessa
  4348 | D:5      | Noticed Dowan
  4353 | D:5      | XOM: noise
  4356 | D:5      | Killed Dowan
  4364 | D:5      | XOM: cast spell 'Summon Butterflies'
  4676 | D:5      | Killed Duvessa
  4770 | D:6      | XOM: stealth player
  4830 | D:6      | XOM: silly message
  4848 | D:6      | XOM: summons friendly quasit
  4850 | D:6      | XOM: blink monster(s)
  4857 | D:6      | XOM: give mutations
  4857 | D:6      | Gained mutation: You are dopey. (Int -2) [Xom's mischief]
  4857 | D:6      | Gained mutation: You are clumsy. (Dex -2) [Xom's mischief]
  4857 | D:6      | Gained mutation: You are frail. (-10% HP) [Xom's mischief]
  4861 | D:6      | Reached skill level 10 in Axes
  4865 | D:6      | XOM: give mutation
  4865 | D:6      | Gained mutation: Your flesh is cold resistant. (rC+) [Xom's
                  | mischief]
  5164 | D:6      | XOM: god gift: long jewelled staff {god gift}
  5832 | D:7      | Found Zuhy's Gadget Shoppe.
  6034 | D:7      | Reached skill level 11 in Axes
  6047 | D:7      | Reached XP level 9. HP: 50/70 MP: 8/8
  6050 | D:7      | Noticed Joseph
  6090 | D:7      | XOM: mild Hex miscast
  6291 | D:7      | Noticed a troll
  6310 | D:7      | XOM: smoke on damage
  6316 | D:7      | Killed a troll
  6316 | D:7      | Reached skill level 12 in Axes
  6344 | D:7      | XOM: confuse monster(s)
  6373 | D:7      | XOM: cast spell 'Call Canine Familiar'
  6571 | D:7      | Noticed Harold
  6613 | D:7      | XOM: 6-stop teleportation journey
  6844 | D:7      | XOM: mild Ice miscast
  6925 | D:7      | Killed Joseph
  6935 | D:7      | Reached skill level 13 in Axes
  7036 | D:7      | XOM: harmless Summ miscast
  7120 | D:7      | XOM: fog
  7157 | D:7      | Killed Harold
  7157 | D:7      | Reached XP level 10. HP: 75/79 MP: 9/9
  7293 | D:7      | XOM: cloud trail
  7295 | D:7      | Found a basalt altar of Yredelemnul.
  7301 | D:7      | Found a snail-covered altar of Cheibriados.
  7779 | D:8      | Reached skill level 14 in Axes
  7790 | D:8      | XOM: god gift: 61 gold pieces
  7829 | D:8      | XOM: silly message
  7833 | D:8      | XOM: summons 4 friendly demons
  7983 | D:8      | Noticed a two-headed ogre
  7990 | D:8      | Killed a two-headed ogre
  8008 | D:8      | Found Ampyny's Antique Weapon Shoppe.
  8015 | D:8      | Bought a glowing battleaxe for 304 gold pieces
  8015 | D:8      | Bought a runed war axe for 208 gold pieces
  8018 | D:8      | Noticed a two-headed ogre
  8019 | D:8      | XOM: harmless Fire miscast
  8028 | D:8      | Killed a two-headed ogre
  8028 | D:8      | Reached skill level 15 in Axes
  8227 | D:8      | XOM: silly message
  8784 | D:9      | Noticed a two-headed ogre
  8791 | D:9      | Killed a two-headed ogre
  8791 | D:9      | Reached skill level 5 in Dodging
  8798 | D:9      | XOM: medium Tloc miscast
  8922 | D:9      | XOM: medium Air miscast
  9016 | D:9      | XOM: god gift: ruby ring {god gift}
  9040 | D:9      | XOM: harmless Pois miscast
  9431 | D:9      | XOM: divination: magic mapping
  9433 | D:9      | XOM: smoke on damage
  9465 | D:9      | XOM is BORED!
  9465 | D:9      | XOM: noise
  9496 | D:9      | XOM: fake destruction
  9498 | D:9      | Reached XP level 11. HP: 66/87 MP: 10/10
  9502 | D:9      | Reached skill level 1 in Evocations
 10056 | D:10     | Entered Level 10 of the Dungeon
 10088 | D:10     | Reached skill level 16 in Axes
 10158 | D:10     | Found a runed translucent gate.
 10159 | D:10     | Found a runed translucent gate.
 10160 | D:10     | Found a runed translucent gate.
 10161 | D:10     | Noticed WimpyRanger's ghost (novice MfAr)
 10161 | D:10     | Noticed Seghaw's ghost (journeyman GrFi)
 10161 | D:10     | Noticed AlmostDecent's ghost (adept GnFi)
 10162 | D:10     | Noticed Arctirus's ghost (journeyman OpWz)
 10162 | D:10     | Noticed Miuzocaf's ghost (novice OpIE)
 10162 | D:10     | Noticed a death knight
 10185 | D:10     | Killed a death knight
 10377 | D:10     | XOM: divination: detect items
 10421 | D:10     | Noticed a two-headed ogre
 10454 | D:9      | XOM: divination: detect creatures
 10688 | D:10     | XOM is BORED!
 10688 | D:10     | XOM: give mutations
 10688 | D:10     | Lost mutation: You are clumsy. (Dex -2) [Xom's mischief]
 10688 | D:10     | Gained mutation: You are surrounded by a mild repulsion
                  | field. (EV +2) [Xom's mischief]
 10688 | D:10     | Lost mutation: You are frail. (-10% HP) [Xom's mischief]
 10688 | D:10     | Gained mutation: You are frail. (-10% HP) [Xom's mischief]
 10844 | D:10     | Killed a two-headed ogre
 10882 | D:10     | Got a distressingly furry cloak
 10893 | D:10     | Identified the cursed +0 cloak "Plog" {MR+} (You found it
                  | on level 10 of the Dungeon)
 10895 | D:10     | Identified a scroll of acquirement
 11077 | D:10     | XOM: cloud trail
 11199 | D:11     | Reached skill level 10 in Fighting
 11200 | D:11     | XOM: smoke on damage
 11203 | D:11     | XOM: smoke on damage
 11663 | D:11     | Reached skill level 17 in Axes
 11901 | D:11     | Noticed a five-headed hydra
 11905 | D:11     | XOM: divination: detect items
 11911 | D:11     | Killed a one-headed hydra
 11957 | D:11     | XOM: god gift: 2 yellow potions {god gift}
 11967 | D:11     | XOM: divine lightning
 11988 | D:11     | Noticed a death yak
 12025 | D:11     | Noticed a green ugly thing
 12041 | D:11     | Killed a green ugly thing
 12296 | D:11     | Found a staircase to the Lair.
 12339 | D:11     | XOM: summons friendly quasit
 12353 | D:12     | XOM: enchant monster (good)
 12359 | D:12     | XOM: god gift: potion of brilliance
 12484 | D:12     | XOM: god gift: 24 stones
 12503 | D:12     | Found a staircase to the Orcish Mines.
 12508 | D:12     | XOM: 1-stop teleportation journey
 12547 | D:12     | Found a sparkling altar of Nemelex Xobeh.
 12547 | D:12     | Noticed Snorg
 12554 | D:12     | Killed Snorg
 12554 | D:12     | Reached skill level 18 in Axes
 12683 | D:12     | Reached XP level 12. HP: 71/99 MP: 12/12
 12794 | D:12     | XOM: scenery: create altars
 12825 | D:12     | Found a transporter.
 12827 | D:12     | Noticed a two-headed ogre
 12827 | D:12     | Noticed a catoblepas
 12828 | D:12     | Noticed BRAPZZ's ghost (journeyman TrFi)
 12829 | D:12     | Noticed a storm dragon
 12924 | D:12     | XOM: polymorph gnoll sergeant -> howler monkey
 12989 | D:12     | Found a transporter.
 13005 | D:12     | Noticed a four-headed hydra
 13015 | D:12     | Killed a one-headed hydra
 13150 | D:12     | XOM: god gift: 7 gold pieces
 13477 | Orc:1    | Entered Level 1 of the Orcish Mines
 13477 | Orc:1    | Found Tegeadgh's Magic Scroll Shop.
 13478 | Orc:1    | Noticed an ettin
 13487 | Orc:1    | Killed an ettin
 13560 | D:12     | XOM: scenery: create altars
 13590 | D:12     | XOM: give mutations
 13590 | D:12     | Gained mutation: You are partially covered in rugged brown
                  | scales. (AC +1, +3% HP) [Xom's grace]
 13590 | D:12     | Lost mutation: You are somewhat resistant to further
                  | mutation. [Xom's grace]
 13590 | D:12     | Gained mutation: You evolve. [Xom's grace]
 13704 | D:12     | XOM: give mutations
 13704 | D:12     | Lost mutation: Your flesh is cold resistant. (rC+) [Xom's
                  | mischief]
 13704 | D:12     | Lost mutation: You evolve. [Xom's mischief]
 13704 | D:12     | Gained mutation: You are very dopey. (Int -4) [Xom's
                  | mischief]
 13704 | D:12     | Gained mutation: You are clumsy. (Dex -2) [Xom's mischief]
 13998 | D:12     | XOM: god gift: 40 gold pieces
 14110 | Orc:1    | Reached skill level 19 in Axes
 14131 | Orc:1    | XOM: divination: detect items
 14132 | Orc:1    | XOM: potion effect (invisibility)
 14223 | Orc:1    | XOM: divination: magic mapping
 14243 | Orc:1    | Bought a scroll of identify for 32 gold pieces
 14243 | Orc:1    | Bought a scroll of teleportation for 48 gold pieces
 14243 | Orc:1    | Bought a scroll of fear for 56 gold pieces
 14244 | Orc:1    | Bought a scroll of identify for 32 gold pieces
 14244 | Orc:1    | Bought a scroll of identify for 32 gold pieces
 14372 | Orc:1    | XOM is BORED!
 14372 | Orc:1    | XOM: give mutations
 14372 | Orc:1    | Lost mutation: You are very dopey. (Int -4) [Xom's
                  | mischief]
 14372 | Orc:1    | Lost mutation: You are dopey. (Int -2) [Xom's mischief]
 14372 | Orc:1    | Lost mutation: You are clumsy. (Dex -2) [Xom's mischief]
 14511 | Orc:2    | Entered Level 2 of the Orcish Mines
 14514 | Orc:2    | Noticed a two-headed ogre
 14515 | Orc:2    | Noticed a two-headed ogre
 14522 | Orc:2    | Noticed a two-headed ogre
 14525 | Orc:2    | Killed a two-headed ogre
 14526 | Orc:2    | Noticed a two-headed ogre
 14527 | Orc:2    | Killed a two-headed ogre
 14529 | Orc:2    | XOM: blink monster(s)
 14530 | Orc:2    | Killed a two-headed ogre
 14535 | Orc:2    | Killed a two-headed ogre
 14727 | Orc:2    | Noticed a two-headed ogre
 14732 | Orc:2    | Killed a two-headed ogre
 14752 | Orc:2    | XOM: severe Summ miscast
 15043 | Orc:2    | XOM: summons 3 hostile shadow creatures
 15045 | Orc:2    | XOM: 1-stop teleportation journey
 15064 | Orc:2    | Found Jublycufe's Antique Weapon Shoppe.
 15064 | Orc:2    | XOM: summons friendly quasit
 15097 | Orc:2    | Found Quosupyu's Food Emporium.
 15103 | Orc:2    | Reached skill level 20 in Axes
 15255 | Orc:2    | XOM: harmless Ice miscast
 15657 | Orc:2    | Reached XP level 13. HP: 101/109 MP: 13/13
 15671 | Orc:2    | XOM: draining
 15709 | Orc:2    | Found a staircase to the Elven Halls.
 15894 | Orc:2    | XOM: harmless Ice miscast
 15984 | Orc:2    | Found a roughly hewn altar of Beogh.
 15999 | Orc:2    | Noticed an orc warlord
 16011 | Orc:2    | Killed an orc warlord
 16321 | Orc:2    | Noticed an orc warlord
 16323 | Orc:2    | XOM: enchant monster (bad)
 16332 | Orc:2    | XOM: mild Hex miscast
 16334 | Orc:2    | XOM: potion effect (agility)
 16337 | Orc:2    | Killed an orc warlord
 16352 | Orc:2    | XOM: mild Ice miscast
 16426 | Orc:2    | XOM: harmless Summ miscast
 16581 | Orc:2    | Found a roughly hewn altar of Beogh.
 16598 | Orc:2    | Found Rirhacedd's General Store.
 16605 | Orc:2    | XOM: potion effect (berserk rage)
 16617 | Orc:2    | Bought a +0 pair of gloves for 67 gold pieces
 16617 | Orc:2    | Bought a scroll of enchant weapon for 112 gold pieces
 16617 | Orc:2    | Bought 3 scrolls of identify for 90 gold pieces
 16677 | Orc:2    | Found Kona's Armour Boutique.
 16684 | Orc:2    | XOM: harmless Summ miscast
 16687 | Orc:2    | XOM: potion effect (agility)
 16691 | Orc:2    | XOM: potion effect (heal wounds)
 16732 | Orc:2    | Bought the +0 pair of gloves of Liberty {Regen+} for 184
                  | gold pieces
 16899 | Orc:2    | XOM: silly message
 17152 | Lair:1   | Entered Level 1 of the Lair of Beasts
 17273 | Lair:1   | XOM: harmless Air miscast
 17311 | Lair:1   | XOM: potion effect (haste)
 17326 | Lair:1   | XOM: divination: magic mapping
 17588 | Lair:1   | XOM: blink monster(s)
 17735 | Lair:1   | XOM: harmless Ice miscast
 17860 | Lair:1   | XOM: harmless Chrm miscast
 17967 | Lair:2   | XOM: cast spell 'Summon Mana Viper'
 18088 | Lair:2   | Reached skill level 15 in Fighting
 18107 | Lair:2   | XOM is BORED!
 18107 | Lair:2   | XOM: 1-stop teleportation journey
 18165 | Lair:2   | XOM is BORED!
 18631 | Lair:2   | XOM: cloud trail
 18702 | Lair:2   | XOM: scenery: create altars
 18753 | Lair:2   | XOM: give mutations
 18753 | Lair:2   | Gained mutation: You are agile. (Dex +2) [Xom's grace]
 18753 | Lair:2   | Gained mutation: You have a pair of large horns on your
                  | head. [Xom's grace]
 18807 | Lair:2   | Noticed a dire elephant
 18829 | Lair:2   | Found a runed translucent door.
 19003 | Lair:2   | XOM: give mutations
 19003 | Lair:2   | Gained mutation: You can translocate small distances at
                  | will. [Xom's grace]
 19003 | Lair:2   | Gained mutation: You have supernaturally acute eyesight.
                  | (SInv) [Xom's grace]
 19129 | Lair:2   | XOM: harmless Air miscast
 19235 | Lair:2   | Killed a dire elephant
 19235 | Lair:2   | Reached XP level 14. HP: 54/125 MP: 14/14
 19948 | D:13     | XOM: harmless Chrm miscast
 19980 | D:13     | Found a sacrificial altar of Ru.
 20020 | D:13     | XOM: divination: detect creatures
 20194 | D:13     | XOM: silly message
 20236 | D:13     | Reached skill level 10 in Armour
 20510 | D:14     | Found a gate to the Vaults.
 20668 | D:14     | Found a flagged portal.
 20678 | Bailey   | Entered a bailey
 21013 | Bailey   | XOM: harmless Ice miscast
 21335 | D:14     | XOM: summons 1 hostile demon
 21611 | D:14     | Found Qioqoz's Armour Emporium.
 21906 | D:15     | Entered Level 15 of the Dungeon
 21925 | D:15     | XOM: fog
 21934 | D:15     | XOM: noise
 22017 | D:15     | XOM is BORED!
 22017 | D:15     | XOM: 6-stop teleportation journey
 22228 | D:15     | XOM: harmless Fire miscast
 22371 | D:15     | XOM: 4-stop teleportation journey
 22602 | D:15     | XOM: give mutations
 22602 | D:15     | Lost mutation: You have a pair of large horns on your head.
                  | [Xom's mischief]
 22602 | D:15     | Gained mutation: You are very agile. (Dex +4) [Xom's
                  | mischief]
 22602 | D:15     | Gained mutation: You occasionally shout uncontrollably at
                  | your foes. [Xom's mischief]
 22602 | D:15     | Lost mutation: You are very agile. (Dex +4) [Xom's
                  | mischief]
 22860 | D:15     | XOM: summons 5 hostile demons
 22941 | D:15     | Found a staircase to the Depths.
 22953 | Depths:1 | Entered Level 1 of the Depths
 22953 | Depths:1 | Found a gateway to Hell.
 22966 | Depths:1 | Noticed a stone giant
 22988 | Depths:1 | Killed a stone giant
 23015 | Depths:1 | Noticed a fire giant
 23334 | Elf:1    | Entered Level 1 of the Elven Halls
 23416 | Elf:1    | XOM: enchant monster (good)
 23426 | Elf:1    | XOM: medium Ice miscast
 23474 | Elf:1    | XOM: enchant monster (good)
 23477 | Elf:1    | Noticed an Executioner
 23479 | Elf:1    | XOM: polymorph Executioner -> Executioner
 23551 | Elf:1    | XOM: divination: detect items
 23553 | Elf:1    | Noticed a deep elf sorcerer
 23562 | Elf:1    | XOM: cast spell 'Summon Small Mammal'
 23567 | Elf:1    | HP: 1/130 [deep elf knight/shard of ice (33)]
 23569 | Elf:1    | Xom revived you
 23573 | Elf:1    | XOM: cast spell 'Summon Hydra'
 23578 | Elf:1    | Killed a deep elf sorcerer
 23599 | Elf:1    | Reached XP level 15. HP: 67/136 MP: 15/15
 23785 | Elf:1    | XOM: polymorph red devil -> rust devil
 23789 | Elf:1    | XOM: enchant monster (good)
 23805 | Elf:1    | XOM: chaos upgrade
 23816 | Elf:1    | XOM: swap monsters
 23943 | Elf:1    | XOM: 1-stop teleportation journey
 23965 | Elf:1    | XOM: god gift: mace {god gift}
 24114 | Elf:1    | XOM: polymorph orc high priest -> glowing shapeshifter
 24182 | Elf:1    | XOM: confusion
 24221 | Elf:1    | XOM: mild Hex miscast
 24390 | D:13     | XOM: noise
 24514 | Depths:1 | XOM: noise
 24518 | Depths:1 | Killed a fire giant
 24518 | Depths:1 | Reached skill level 15 in Armour
 24651 | D:15     | XOM: harmless Conj miscast
 24689 | Depths:1 | Found Lapros's Serpentskin Sales.
 24737 | Depths:1 | XOM: confuse monster(s)
 24873 | Depths:1 | Noticed a fire giant
 24881 | Depths:1 | Killed a fire giant
 24926 | Depths:1 | Found a one-way gate to the infinite horrors of the Abyss.
 25181 | Depths:1 | Found a one-way gate leading to the halls of Pandemonium.
 25389 | Depths:1 | XOM: confuse monster(s)
 25466 | Depths:2 | XOM: give mutations
 25466 | Depths:2 | Gained mutation: You are partially covered in large bone
                  | plates. (SH +4) [Xom's mischief]
 25466 | Depths:2 | Lost mutation: You are frail. (-10% HP) [Xom's mischief]
 25535 | Depths:2 | XOM: smoke on damage
 25561 | Depths:2 | XOM: cast spell 'Leda's Liquefaction'
 25605 | Depths:1 | XOM: medium Ice miscast
 25679 | Depths:1 | XOM: harmless Pois miscast
 25722 | Depths:1 | XOM: summons 4 hostile shadow creatures
 25734 | Depths:2 | XOM: potion effect (curing)
 25737 | Depths:2 | XOM: confuse monster(s)
 25741 | Depths:2 | Noticed a tentacled monstrosity
 25748 | Depths:2 | XOM: fog
 25753 | Depths:2 | Killed a tentacled monstrosity
 25772 | Depths:2 | XOM: potion effect (agility)
 25931 | Depths:2 | XOM: harmless Pois miscast
 25972 | Depths:2 | XOM: cast spell 'Summon Butterflies'
 25989 | Depths:2 | XOM: scenery: create altars
 26013 | Depths:2 | XOM: cast spell 'Dispersal'
 26019 | Depths:2 | XOM: confuse monster(s)
 26227 | Depths:2 | Noticed a juggernaut
 26231 | Depths:2 | Identified the ring "Qemeecwis" {+Fly rPois MR+}
 26231 | Depths:2 | Noticed a fire giant
 26237 | Depths:2 | XOM: fog
 26240 | Depths:2 | Reached XP level 16. HP: 136/159 MP: 16/16
 26250 | Depths:2 | Lost mutation: You are agile. (Dex +2) [potion of mutation]
 26250 | Depths:2 | Lost mutation: You have supernaturally acute eyesight.
                  | (SInv) [potion of mutation]
 26250 | Depths:2 | Gained mutation: You tend to lose your temper in combat.
                  | [potion of mutation]
 26250 | Depths:2 | Lost mutation: You tend to lose your temper in combat.
                  | [potion of mutation]
 26250 | Depths:2 | Gained mutation: Your system is resistant to poisons.
                  | (rPois) [potion of mutation]
 26251 | Depths:2 | Lost mutation: You occasionally shout uncontrollably at
                  | your foes. [potion of mutation]
 26251 | Depths:2 | Lost mutation: You can translocate small distances at will.
                  | [potion of mutation]
 26251 | Depths:2 | Lost mutation: Your system is resistant to poisons. (rPois)
                  | [potion of mutation]
 26251 | Depths:2 | Gained mutation: You have sharp toenails. [potion of
                  | mutation]
 26251 | Depths:2 | Gained mutation: Your system is resistant to poisons.
                  | (rPois) [potion of mutation]
 26251 | Depths:2 | Gained mutation: Your muscles are strong. (Str +2) [potion
                  | of mutation]
 26252 | Depths:2 | Lost mutation: You passively map a small area around you.
                  | [potion of mutation]
 26252 | Depths:2 | Lost mutation: You have sharp toenails. [potion of
                  | mutation]
 26252 | Depths:2 | Lost mutation: You are partially covered in rugged brown
                  | scales. (AC +1, +3% HP) [potion of mutation]
 26252 | Depths:2 | Gained mutation: You are partially covered in thin metallic
                  | scales. (AC +2) [potion of mutation]
 26252 | Depths:2 | Gained mutation: Your mind is acute. (Int +2) [potion of
                  | mutation]
 26253 | Depths:2 | Lost mutation: You are partially covered in large bone
                  | plates. (SH +4) [potion of mutation]
 26253 | Depths:2 | Lost mutation: Your mind is acute. (Int +2) [potion of
                  | mutation]
 26253 | Depths:2 | Lost mutation: Your muscles are strong. (Str +2) [potion of
                  | mutation]
 26253 | Depths:2 | Gained mutation: You have an increased reservoir of magic.
                  | (+10% MP) [potion of mutation]
 26261 | Depths:2 | HP: 7/155 [poisoned by a green very ugly thing]
 26263 | Depths:2 | HP: 3/155 [poisoned by a green very ugly thing]
 26264 | Depths:2 | HP: 1/155 [poisoned by a green very ugly thing]
 26265 | Depths:2 | Identified the Reference Book on the Creative Rocks
 26265 | Depths:2 | Succumbed to a green very ugly thing's poison

Levels and vault maps discovered:
D:1:      matt_arrival_grand_opening, layout_rooms, serial_bayou_pond_e
D:2:      minmay_diamond_boxcup, layout_basic, lemuel_doored_altar
D:3:      layout_loops_cross, first_ration
D:4:      layout_basic, kennysheep_little_box, serial_shops,
          kennysheep_mini_moat, minmay_crystal_water
D:5:      cheibrodos_thug_alley, layout_basic, minmay_temple_entry_mist,
          uniq_eustachio, uniq_duvessa, uniq_grinder
D:6:      layout_gridville
D:7:      minmay_the_grid_plus [minmay_the_grid_tree, minmay_the_grid_x,
          minmay_the_grid_outer_diamond, minmay_the_grid_plusring,
          minmay_the_grid_prize_big_room], layout_basic, minitemple,
          serial_shops, nicolae_shop_window_shopping, uniq_joseph, uniq_harold
D:8:      layout_loops_corners, serial_shops, nicolae_shop_overgrown_old_shop
D:9:      layout_basic, hangedman_fish_farm
D:10:     layout_irregular_city, gammafunk_ghost_cemetery,
          hangedman_decor_slide_cut
D:11:     layout_big_octagon, david_lair_generic, kennysheep_generic_room_7
D:12:     layout_loops_ring, zombieorc2_lemuel, gammafunk_ghost_arena,
          kennysheep_flooded_box, uniq_snorg
D:13:     layout_loops_ring, basic_altar, minmay_misc_feat_rugged
D:14:     layout_grid_maze, david_vaults_2, serial_shops, nicolae_shop_crystal,
          chequers_serial_rivers_micro_e, enter_bailey_3
D:15:     gammafunk_enter_depths_forms, layout_basic, grunt_decor_cap,
          nicolae_lava_and_water
Lair:1:   layout_regular_city, minmay_lair_oklob_chamber, serial_bayou_shore_a
Lair:2:   gammafunk_lair_enchanted_lake, layout_hall_layers,
          cheibrodos_lair_reptile_den, lemuel_fruit_tree, grunt_megastairs_4
Orc:1:    layout_caves, serial_shops, shop
Orc:2:    pubby_orc_utopia, serial_shops
Elf:1:    elf_arrival_001, layout_loops_ring, serial_co_window_serial,
          co_window_corner_a, co_window_paths_a, co_window_corner_a,
          co_window_cross_1, co_window_paths_a, co_window_corner_a,
          co_window_paths_a, co_window_2corner, co_window_corner_b,
          co_window_broadway_b, co_window_2corner, co_window_paths_e,
          co_window_4corner_a, minmay_elf_demonology
Depths:1: layout_cave_pools, pan_entry, hell_entry, nicolae_twisting_strands,
          abyss_entry, guppyfry_shop_venom
Depths:2: evilmike_library_of_no_secrets, layout_gridlike, hell_entry,
          serial_shops, shop, serial_bayou_shore_b,
          roderic_lattice_octagonal_star, kennysheep_random_hallway

Skill      XL: |  1  2  3  4  5  6  7  8  9 10 11 12 13 14 15 |
---------------+----------------------------------------------+-----
Axes           | 4 5 6 7 8 11 13 15 18 20 | 20.1
Fighting       | 4 5 6 8 9 11 12 15 17 | 17.4
Dodging        | 2 3 4 5 6 8 |  8.7
Armour         | 3 4 6 9 12 17 | 17.5
Evocations     | 1 2 |  2.0
Stealth        | |  0.9

Action                   |  1- 3 |  4- 6 |  7- 9 | 10-12 | 13-15 | 16-18 || total
-------------------------+-------+-------+-------+-------+-------+-------++-------
Melee: Hand axe          |    81 |   180 |   316 |       |       |       ||   577
       Headbutt          |     7 |    32 |    79 |    90 |   179 |     2 ||   389
       War axe           |       |       |    54 |   101 |    12 |       ||   167
       Battleaxe         |       |       |       |   442 |   748 |     4 ||  1194
Evoke: Wand              |       |       |       |    22 |     3 |       ||    25
  Use: Scroll            |       |     2 |     9 |    17 |    23 |     2 ||    53
       Potion            |       |     1 |     4 |     4 |    20 |     5 ||    34
 Stab: Distracted        |       |       |     1 |       |       |       ||     1
       Confused          |       |       |     2 |       |     7 |       ||     9
       Paralysed         |       |       |       |     8 |     1 |       ||     9
       Invisible         |       |       |       |     1 |       |       ||     1
       Petrifying        |       |       |       |       |     1 |       ||     1
       Petrified         |       |       |       |       |     1 |       ||     1
       Sleeping          |       |       |       |       |     1 |       ||     1
  Eat: Chunk             |       |     5 |     3 |    10 |    10 |       ||    28
       Ration            |       |     1 |     3 |     6 |     7 |       ||    17
Armor: Leather armour    |    38 |    23 |       |       |    17 |       ||    78
       Chain mail        |       |    74 |   113 |   132 |   177 |       ||   496
       Skin              |       |       |    16 |       |       |       ||    16
Dodge: Dodged            |    64 |    89 |   130 |   291 |   457 |     2 ||  1033
Block: Other             |       |       |       |       |     8 |       ||     8
